 Dungeon Crawl Stone Soup version 0.29.1-1-gd02db6906a (webtiles) character file.

Game seed: 16818800917448913457

9 Kold the Trooper (level 2, 7/24 HPs)
             Began as a Demonspawn Cinder Acolyte on Oct 19, 2022.
             Was a High Priest of Ignis.
             Quit the game on level 1 of the Dungeon.
             The game lasted 00:00:14 (325 turns).

Kold the Trooper (Demonspawn Cinder Acolyte)         Turns: 325, Time: 00:00:15

Health: 7/24       AC:  9    Str: 14    XL:     2   Next: 6%
Magic:  3/3        EV: 11    Int: 15    God:    Ignis [*****.]
Gold:   27         SH:  0    Dex:  8    Spells: 3/3 levels left

rFire   + . .      SeeInvis .     - Unarmed
rCold   . . .      Faith    .   (no shield)
rNeg    . . .      Spirit   .   a - +0 robe
rPois   .          Reflect  .   (helmet restricted)
rElec   .          Harm     .   (no cloak)
rCorr   .          Rampage  .   (no gloves)
Will    .....                   (no boots)
Stlth   +.........              (no amulet)
HPRegen 0.08/turn               (no ring)
MPRegen 0.08/turn               (no ring)

@: fiery-armoured
A: horns 1
a: Renounce Religion, Fiery Armour, Foxfire Swarm, Rising Flame


You were on level 1 of the Dungeon.
You worshipped Ignis.
Ignis was extremely pleased with you.
You visited 1 branch of the dungeon, and saw 1 of its levels.

You collected 27 gold pieces.

Inventory:

Armour
 a - a +0 robe (worn)


   Skills:
 + Level 3.1 Fighting
 + Level 2.8 Unarmed Combat
 + Level 1.2 Spellcasting
 + Level 2.8 Fire Magic


You had 3 spell levels left.
You didn't know any spells.
Your spell library contained the following spells:

 Spells                   Type           Power      Damage    Failure   Level
 Scorch                   Fire           18%        2d5       11%         2


Dungeon Overview and Level Annotations

Branches:
Dungeon (1/15)

Altars:


Innate Abilities, Weirdness & Mutations

You have a pair of small horns on your head.


Message History

The jackal barely misses you.
You hit the jackal.
The jackal is heavily wounded.
The jackal barely misses you.
You closely miss the jackal.
The jackal is heavily wounded.
A bat comes into view.
The jackal bites you.
You miss the jackal.
The jackal is heavily wounded.
The jackal bites you. The kobold closely misses you.
The jackal barely misses you.
You hit the jackal.
You kill the jackal!
The kobold closely misses you. The jackal bites you.
The bat closely misses you.
You miss the bat. The bat closely misses you. The jackal barely misses you.
The kobold closely misses you. The jackal closely misses you.
You completely miss the kobold. The bat barely misses you.
The kobold hits you with a +0 whip of electrocution.
The jackal bites you but does no damage.
You are too injured to fight recklessly!
You are too injured to fight recklessly!
You are too injured to fight recklessly!
A protective cloak of flame settles atop you.
The bat hits you but does no damage.
The bat is burned by your cloak of flames.
The bat is severely wounded.
The bat hits you but does no damage.
The bat is burned by your cloak of flames.
You kill the bat!
The jackal misses you. The kobold misses you.
The goblin hits you with a +0 dagger.
* * * LOW HITPOINT WARNING * * *
The goblin is burned by your cloak of flames.
You kill the goblin!
You have reached level 2!
Your demonic ancestry asserts itself...
A pair of horns grows on your head!
Are you sure you want to abandon this character and quit the game? (Confirm with "yes".)

#.##### ##.
##.....#########
#..............#.
#.####.#######.#.
########'## #..##
#.#. ..........#
##..# #.#.
........†.#
##.#####.#.
..........#
#.#.....#.
.......@..#
#.......#.
.....:)Kh.#
##......#.
..........#
##.......
..........#
#.....#.
##.........
..........
#..........
.######...
#............
##..
............. ##.
..


You could see a jackal and a kobold.

Vanquished Creatures
  A dart slug (D:1)
  A goblin (D:1)
  A hobgoblin (D:1)
  A jackal (D:1)
  A ball python (D:1)
  A bat (D:1)
  2 rats (D:1)
8 creatures vanquished.

Notes
Turn   | Place    | Note
-------+----------+-------------------------------------------
     0 | D:1      | Kold the Demonspawn Cinder Acolyte began the quest for the
                  | Orb.
     0 | D:1      | Reached XP level 1. HP: 18/18 MP: 2/2
   325 | D:1      | Gained mutation: You have a pair of small horns on your
                  | head. [demonic ancestry]
   325 | D:1      | Reached XP level 2. HP: 7/24 MP: 3/3
   325 | D:1      | Quit the game

Illustrated notes

Levels and vault maps discovered:
D:1:      ncdulo_halloftheorcs, layout_basic, serial_shops, shop

Action                   || total
-------------------------++-------
Melee: Unarmed           ||    24
Invok: Fiery Armour      ||     1
Armor: Robe              ||     6
Dodge: Dodged            ||    21
